[Event "Late-Titled-Tuesday-Blitz-January-30-2024"]
[Site "Chess.com"]
[Date "2024.01.30"]
[Round "2"]
[White "malakismayil"]
[Black "GMG"]
[Result "0-1"]
[WhiteElo "2558"]
[BlackElo "2812"]
[TimeControl "180+1"]
[EndTime "14:19:28 PST"]
[Termination "GMG won on time"]

1. e4 c5 2. Nf3 Nc6 3. Bb5 e6 4. O-O Nge7 5. Re1 b6 6. c3 a6 7. Bf1 d5 8. d4 dxe4 9. Rxe4 Bb7 10. Re1 cxd4 11. cxd4 Nd5 12. Bg5 Be7 13. Bxe7 Ncxe7 14. Nbd2 O-O 15. Ne4 Rc8 16. Qd2 Ng6 17. Ng3 Ndf4 18.
Ne5 Qd5 19. Nxg6 Nxg6 20. f4 Rfd8 21. Red1 Ne7 22. Qf2 Nc6 23. Ne2 Ne7 24. Nc3 Qd6 25. Bd3 h6 26. Rac1 b5 27. a3 g6 28. Be4 Bd5 29.
Bxd5 Nxd5 30. Nxd5 Qxd5 31. Rxc8 Rxc8 32. Qd2 Rc4 33.
b3 Rc6 34. Qd3 Rd6 35. h3 Kg7 36. Rd2 a5 37. Qc3 a4 38. b4 Rc6 39. Qd3 Rc1+ 40. Kh2 Rc4 41. Qe3 Qd6 42. Kg1 Qd5 43. Kh2 f6 44. h4 Kf7 45. Kg1 Ke7 46. Kh2 Kf7 47.
Kg1 g5 48. hxg5 hxg5 49. fxg5 Qxg5 50. Qxg5 fxg5 51. Rd3 Ke7 52. Kf2 Kd6 53. Ke3 Kd5 54. Kf3 Rxd4 55. Rc3 Rc4 56. Rd3+ Ke5 57. Re3+ Kf5 58.
Rd3 e5 59. Ke3 g4 60. g3 Re4+ 61. Kf2 Rd4 62. Rc3 Ke4 63. Rc5 Rd5 64. Rc8 Kd3 65. Ke1 e4 66. Rg8 Rh5 67. Rxg4 Rh1+ 68. Kf2 e3+ 69. Kg2 e2 70. Kxh1 e1=Q+ 71. Kh2 Qe2+ 72. Kh3 Kc3 73. Rg5 Kb3 74. g4 Kxa3 75. Rf5 Kxb4 76.
Rf4+ Ka5 77. g5 Qe3+ 78. Kg4 a3 79. g6 a2 80. Rf1 Qd4+ 81. Kg5 a1=Q 0-1

[Event "Late-Titled-Tuesday-Blitz-January-30-2024"]
[Site "Chess.com"]
[Date "2024.01.30"]
[Round "2"]
[White "Fh2411"]
[Black "mbojan"]
[Result "0-1"]
[WhiteElo "2571"]
[BlackElo "2855"]
[TimeControl "180+1"]
[EndTime "14:19:43 PST"]
[Termination "mbojan won on time"]

1. d4 Nf6 2. Nf3 d6 3. c4 g6 4. Nc3 Bg7 5. Bg5 h6 6. Bh4 Nbd7 7. e3 g5 8. Bg3 Nh5 9. Bd3 e6 10. Nd2 Nxg3 11. hxg3 c5 12. Nb3 cxd4 13. exd4 a6 14. Qe2 Qe7 15. O-O-O b5 16. cxb5 axb5 17. Bxb5 Bb7 18.
f3 O-O 19. Kb1 Nf6 20. Bd3 Rfb8 21. Rd2 Nd5 22. Nxd5 Bxd5 23. Bc4 Bxc4 24. Qxc4 Qa7 25. Nc1 d5 26. Qd3 Rb4 27. Qe2 Rab8 28. Rhd1 Rxd4 29. Rxd4 Bxd4 30. Rd2 Bg7 31. Rc2 Qg1 32. g4 Bf6 33.
a3 Kg7 34. Ka2 Rxb2+ 35. Rxb2 Qxc1 36. Qc2 Qe3 37. Rb3 Qe1 38. Rb1 Qe5 39. a4 d4 40. Qd3 Qd5+ 41. Rb3 Qc6 42. Qb5 Qc2+ 43. Rb2 Qc1 44. Rb1 Qe3 45. Rb3 Qf2+ 46. Rb2 Qg1 47.
Qd3 Qe1 48. Qd2 Qe5 49. Qd3 Qd5+ 50. Rb3 Bd8 51. Qb5 Qd6 52. Qb4 Qe5 53. Qb5 Qe1 54.
Rb1 Qf2+ 55. Rb2 Qe1 56. Rb1 Qc3 57. Rb3 Qd2+ 58. Rb2 Qe3 59. Rb3 Qf4 60. a5 Qd2+ 61.
Rb2 Qxa5+ 62. Qxa5 Bxa5 63. Kb3 Kf6 64. Kc4 Bc3 65.
Ra2 Kg6 66. Kd3 h5 67. gxh5+ Kxh5 68. Ra7 Kg6 69. Ra6 Kf6 70. Ke4 Kg6 71. Ra7 f6 72.
Ra6 f5+ 73. Kd3 Kf6 74. Rc6 Ke5 75. Rb6 Kd5 76. Rb5+ Kd6 77. Rb8 Kd5 78. Rg8 Ke5 79. Rxg5 Kf4 80. Rg8 e5 0-1

[Event "Late-Titled-Tuesday-Blitz-January-30-2024"]
[Site "Chess.com"]
[Date "2024.01.30"]
[Round "2"]
[White "crazy_but_lazy"]
[Black "Sanan_Sjugirov"]
[Result "1/2-1/2"]
[WhiteElo "2627"]
[BlackElo "2986"]
[TimeControl "180+1"]
[EndTime "14:19:56 PST"]
[Termination "Game drawn - insufficient material"]

1. d4 Nf6 2. Nf3 g6 3. Nc3 d5 4.
Bf4 Bg7 5. Nb5 Na6 6. e3 O-O 7. h3 c6 8. Nc3 Nc7 9. Be2 Nce8 10. O-O Nd6 11. a4 a5 12. Be5 Bf5 13. Nd2 Re8 14. Bd3 Qd7 15. Nb3 b6 16. Re1 Nde4 17.
Nxe4 Bxe4 18. Bxe4 Nxe4 19. Bxg7 Kxg7 20. Nd2 Nd6 21. b3 e5 22. dxe5 Rxe5 23. Nf3 Re4 24.
Qd3 Kg8 25. Red1 Qe7 26. Rac1 Nb7 27. Qc3 Nc5 28. Rd4 Re6 29. Rcd1 Re8 30. Qb2 Ne4 31. c4 Nf6 32. cxd5 Nxd5 33. Rc4 Nb4 34. Qd4 c5 35. Qf4 Rf6 36. Qh6 Rf5 37. Rh4 f6 38. Rc4 Qg7 39.
Qh4 g5 40. Qg4 Rd5 41. Rxd5 Nxd5 42. Rc1 Qf7 43. Rd1 Nc3 44. Rd7 Qe6 45. Qxe6+ Rxe6 46. Nd2 Ne2+ 47. Kf1 Nc3 48. Nc4 Ne4 49. Rb7 f5 50. Rxb6 Rxb6 51. Nxb6 Nd2+ 52. Ke2 Nxb3 53. Kd3 Kf7 54.
Kc4 Nd2+ 55. Kxc5 Ne4+ 56. Kb5 Nxf2 57. Kxa5 Nd1 58. Kb5 Nxe3 59. a5 Nc2 60. a6 Nd4+ 61.
Kc5 Ne6+ 62. Kc6 Nd4+ 63. Kc5 Ne6+ 64. Kd6 Nd4 65. Ke5 Nc6+ 66. Kxf5 h6 67. Nc4 Kg7 68. Ne5 Na7 69. g4 Nb5 70. Ke6 Nc7+ 71. Ke7 Nxa6 72. Ke6 Nc5+ 73. Kf5 Nb3 74. Ke4 Nc5+ 75. Kd5 Nb3 76.
Ke4 Nd2+ 77. Ke3 Nb1 78. Kd4 Na3 79. Ke3 Nb5 80. Kf3 Nd6 81. Nd3 Kf6 82. Ke3 Ke6 83.
Kd4 Nb5+ 84. Ke4 Nc3+ 85. Ke3 Kd5 86. Nf2 Ke5 87. Nd3+ Kd5 88. Nb4+ Kc4 89. Nc6 Nd5+ 90. Ke4 Nf4 91. Ne5+ Kc5 92. Nf7 Nxh3 93. Nxh6 Nf2+ 94.
Kf5 Nxg4 95. Nxg4 Kd5 96. Kxg5 1/2-1/2

[Event "Late-Titled-Tuesday-Blitz-January-30-2024"]
[Site "Chess.com"]
[Date "2024.01.30"]
[Round "2"]
[White "rdarruda"]
[Black "JCVanDamme10"]
[Result "1-0"]
[WhiteElo "2543"]
[BlackElo "2335"]
[TimeControl "180+1"]
[EndTime "14:19:58 PST"]
[Termination "rdarruda won by checkmate"]

1. Nf3 d5 2. b3 Nf6 3. Bb2 Bf5 4.
e3 e6 5. Be2 h6 6. d3 c5 7. O-O Nc6 8. Nbd2 Be7 9. c4 O-O 10.
a3 Rc8 11. Qc2 dxc4 12. bxc4 a6 13. h3 b5 14. e4 Bh7 15. Rab1 Nd4 16. Nxd4 cxd4 17.
Qb3 bxc4 18. Nxc4 Rb8 19. Qa2 Nd7 20. Bxd4 Nc5 21. Rxb8 Qxb8 22. Be3 Rd8 23. Rd1 Qb3 24. Qxb3 Nxb3 25. f3 Nd4 26. Bf1 Nc2 27. Bf2 Nxa3 28.
Nxa3 Bxa3 29. Ra1 Bb2 30. Rxa6 g5 31. Bb6 Rb8 32. Be3 Rd8 33. Kf2 Bg6 34. g4 Kg7 35.
Be2 Be5 36. Ra4 Rb8 37. d4 Bd6 38. Ra6 Be7 39. Ra7 Bf6 40. Ra2 Rb3 41. Rd2 Bd8 42. Bc4 Rb4 43. Ba2 Bb6 44. d5 Bxe3+ 45. Kxe3 exd5 46.
exd5 f5 47. d6 f4+ 48. Kf2 Rb8 49. d7 Rd8 50. Bc4 Bf7 51. Bb5 Be6 52. Rd6 Kf7 53.
Rb6 Ke7 54. Ke2 Rh8 55. Kd3 Bxd7 56. Rb7 Rd8 57. Ke4 Ke6 58. Rxd7 Rxd7 59. Bxd7+ Kxd7 60. Kf5 Kd6 61. Kg6 Kd5 62. Kxh6 Kd4 63. Kxg5 Ke3 64. h4 Kxf3 65. h5 Kg2 66. h6 f3 67. h7 f2 68. h8=Q f1=Q 69. Qe5 Qc1+ 70. Kg6 Qc6+ 71. Qf6 Qe4+ 72. Qf5 Qe8+ 73. Kh7 Qe7+ 74. Kh6 Qh4+ 75. Kg7 Qe7+ 76. Kg6 Qe8+ 77. Kf6 Qf8+ 78. Ke6 Qc8+ 79.
Ke5 Qc5+ 80. Kf6 Qf8+ 81. Kg5 Qg7+ 82. Kf4 Qd4+ 83. Qe4+ Qxe4+ 84. Kxe4 Kh3 85. Kf5 Kh4 86. g5 Kh5 87. Kf6 Kg4 88. g6 Kf3 89. g7 Ke2 90.
g8=Q Kd2 91. Qg3 Kc2 92. Ke5 Kb2 93. Kd4 Ka2 94. Kc3 Kb1 95. Qf2 Ka1 96. Qb2# 1-0

[Event "Late-Titled-Tuesday-Blitz-January-30-2024"]
[Site "Chess.com"]
[Date "2024.01.30"]
[Round "2"]
[White "HajiyevKanan"]
[Black "Eduard_Limonov"]
[Result "0-1"]
[WhiteElo "2588"]
[BlackElo "2878"]
[TimeControl "180+1"]
[EndTime "14:20:04 PST"]
[Termination "Eduard_Limonov won by resignation"]

1. d4 d5 2. Nf3 Nf6 3. c4 e6 4. cxd5 exd5 5. Nc3 c6 6. Qc2 h6 7. Bf4 Bd6 8. Bxd6 Qxd6 9. e3 O-O 10. Bd3 Be6 11.
O-O Nbd7 12. Rab1 a5 13. a3 Bg4 14. Be2 Rfe8 15. h3 Bh5 16. Nh4 Bxe2 17. Qxe2 g6 18.
Qc2 Kg7 19. Rfe1 Re6 20. Rbc1 Rae8 21. Qa4 b6 22. b4 axb4 23. Qxb4 c5 24. dxc5 bxc5 25.
Qb7 d4 26. Red1 Qa6 27. Qxa6 Rxa6 28. exd4 cxd4 29. Nb5 Rb8 30. Nxd4 Rxa3 31. Rc2 Ra4 32. Nhf3 h5 33. g3 Re8 34. Kg2 Ne5 35. Nxe5 Rxe5 36. Nf3 Rf5 37. Rd3 Ne4 38. Rd4 Rxd4 39. Nxd4 Rd5 40.
Nf3 Nd6 41. Rc7 Rd3 42. Rd7 Rd5 43. h4 Kf8 44. Ng5 Ke8 45. Ra7 Rd2 46. Ra8+ Ke7 47. Ra7+ Kf6 48. Ra6 Kg7 49. Ra7 Kf8 50. Kf1 Rd5 51. Rd7 Ke8 52. Rc7 Rf5 53. Kg2 Kd8 54. Ra7 Ke8 55. Ra8+ Ke7 56. Ra7+ Ke8 57. Ra6 Ke7 58.
Ra2 Rd5 59. Re2+ Kf8 60. Nh7+ Kg7 61. Ng5 Rf5 62. Nf3 Rf6 63. Re5 Nf5 64. Ng5 Rd6 65. Re2 Rd7 66. Kf1 f6 67. Ne6+ Kf7 68. Nf4 Rd4 69. Kg2 Nxh4+ 70. gxh4 Rxf4 71. Kg3 Rg4+ 72. Kh3 Rb4 73. Kg3 Rb3+ 74. f3 Rb1 75. Rc2 Rg1+ 76.
Kh2 Re1 77. Kg2 g5 78. hxg5 fxg5 79. Kf2 Re5 80. Kg3 Ra5 81. Rc7+ Kf6 82. Rc6+ Kf5 83. Rc8 h4+ 84. Kh3 Kf4 85. Rc3 Re5 86. Kg2 Re2+ 87. Kf1 Re3 88. Rc5 Rxf3+ 89. Kg2 Rg3+ 90. Kh2 Kg4 91.
Rc4+ Kh5 92. Rc5 Ra3 93. Rd5 Ra2+ 94. Kh3 Ra3+ 95. Kh2 Re3 96. Rf5 Kg4 97. Rf2 h3 98. Rc2 Kh4 99. Rc8 Re2+ 100. Kh1 g4 101. Rc3 Re1+ 102. Kh2 g3+ 103. Rxg3 Re2+ 104. Rg2 Rxg2+ 105. Kh1 Ra2 0-1

[Event "Late-Titled-Tuesday-Blitz-January-30-2024"]
[Site "Chess.com"]
[Date "2024.01.30"]
[Round "2"]
[White "annasargsyan_m"]
[Black "Sokoloco"]
[Result "1/2-1/2"]
[WhiteElo "2543"]
[BlackElo "2751"]
[TimeControl "180+1"]
[EndTime "14:20:05 PST"]
[Termination "Game drawn - insufficient material"]

1. d4 d6 2. c4 e5 3. e3 exd4 4. exd4 g6 5. Nc3 Bg7 6. Be3 Nf6 7. h3 O-O 8. Nf3 c6 9. Be2 Na6 10. O-O Nc7 11. Qd2 Re8 12. Rfe1 Bf5 13. Rad1 Ne4 14. Nxe4 Bxe4 15. Bh6 Bxh6 16. Qxh6 Bxf3 17. Bxf3 Qf6 18.
Qd2 Rxe1+ 19. Rxe1 Ne6 20. d5 Nd4 21. dxc6 Nxf3+ 22.
gxf3 bxc6 23. Kg2 Rd8 24. b3 d5 25. cxd5 cxd5 26. Kg3 d4 27. Qf4 Qc6 28. Qe4 Qd6+ 29. Qf4 Qd7 30. Qg4 Qd5 31. Qe4 Qa5 32. Rd1 Qg5+ 33. Qg4 Qc5 34. Rd3 h5 35. Qf4 Rd5 36. Kh2 Rd7 37. Qe4 Qd6+ 38. Kg2 Qf6 39. b4 Kg7 40. b5 Qd6 41. a4 Qc5 42. h4 Rd5 43. Qf4 Rd6 44. Qe4 Rd7 45. Qf4 Rd5 46. Qe4 Qd6 47.
a5 Qd8 48. b6 axb6 49. axb6 Rb5 50. Qxd4+ Qxd4 51. Rxd4 Rxb6 52. Kg3 Rf6 53. Kg2 Rf5 54. Re4 Kf6 55. Rd4 Re5 56. Rc4 Kf5 57. Ra4 Rd5 58. Kg3 Kf6 59. Rf4+ Rf5 60. Ra4 Kg7 61. Ra6 Rf6 62.
Ra4 Re6 63. Rb4 Rd6 64. Ra4 Rd2 65. Rb4 Rd1 66. Kg2 Rd3 67. Ra4 Kf6 68. Rf4+ Ke6 69. Re4+ Kf5 70. Ra4 Ke5 71. Re4+ Kf6 72. Rf4+ Ke6 73.
Re4+ Kf5 74. Ra4 Rd5 75. Rb4 Ke5 76. Re4+ Kf6 77. Rf4+ Rf5 78. Ra4 g5 79. Ra6+ Kg7 80.
hxg5 Rxg5+ 81. Kh3 f6 82. Ra7+ Kg6 83. Ra8 Kf5 84.
Ra4 Rg1 85. Kh2 Rg6 86. Ra5+ Kf4 87. Rxh5 Kxf3 88. Rf5+ Ke2 89. Kh3 Kf1 90. Kh4 Rh6+ 91. Kg4 Kg2 92. Rh5 f5+ 93. Rxf5 Rg6+ 94. Kf4 Rg8 95.
Rg5+ Rxg5 96. Kxg5 Kxf2 1/2-1/2

[Event "Late-Titled-Tuesday-Blitz-January-30-2024"]
[Site "Chess.com"]
[Date "2024.01.30"]
[Round "2"]
[White "jcibarra"]
[Black "koziororo"]
[Result "0-1"]
[WhiteElo "2873"]
[BlackElo "2605"]
[TimeControl "180+1"]
[EndTime "14:20:11 PST"]
[Termination "koziororo won by resignation"]

1. e4 c5 2. Nf3 d6 3. c3 Nf6 4. h3 Bd7 5. Bd3 g6 6. Bc2 Bg7 7. O-O O-O 8. d4 cxd4 9. cxd4 Nc6 10. Nc3 Rc8 11. Re1 a6 12. Bg5 h6 13. Bf4 Ne8 14. Qd2 Kh7 15. Rad1 Qa5 16. Bb1 Nc7 17. d5 Ne5 18.
Nxe5 dxe5 19. Be3 Ne8 20. f4 Nd6 21. Qf2 Nc4 22. Bc1 exf4 23. Qxf4 Nxb2 24. Bxb2 Bxc3 25.
Bxc3 Qxc3 26. e5 Rc4 27. Qf2 Qb4 28. e6 Ba4 29. Rd3 f5 30. d6 exd6 31. e7 Re8 32. Rde3 Rf4 33. Qg3 Qd4 34. Kh1 Bc6 35. Re6 g5 36. Kh2 Qf2 37. Rf6 Qxg3+ 38. Kxg3 Kg7 39. Rxd6 Be4 40. Re6 Kf7 41. Rxh6 Rxe7 42. Kh2 Kg7 43. Rh5 Kg6 44. Rh8 Rd7 45. Bxe4 fxe4 46. Re8 Rd2 47. Re6+ Kf5 48. Rb6 Rff2 49. Rg1 Rxa2 50. Rxb7 e3 51. Re7 Rae2 52. Kg3 a5 53. Rxe3 Rxe3+ 54. Kxf2 Ra3 55. Rb1 Ra2+ 56. Kg3 Ra3+ 57. Kf2 a4 58. Rb5+ Kf4 59. g3+ Ke4 60. Rb4+ Kf5 61. g4+ Kf6 62. Rb6+ Kf7 63.
Kg2 Rb3 64. Ra6 a3 65. Ra5 Kf6 66. Kh2 Rc3 67. Kg2 Rb3 68. Kh2 Rc3 69. Rf5+ Kg6 70.
Rb5 Kf6 71. Rf5+ Kg6 72. Ra5 Rc2+ 73. Kg3 Rc3+ 74. Kg2 Rd3 75. Kh2 Rb3 76. Ra6+ Kf7 77. Kg2 Rc3 78. Kh2 Rc2+ 79. Kg3 a2 80. Kf3 Rb2 81.
Ke4 Ke7 82. Kf5 Rb5+ 83. Ke4 Rb2 84. Ke5 Kf7 85. Ra7+ Kg6 86. Ra6+ Kg7 87. Ra5 Rb5+ 88. Rxb5 a1=Q+ 89. Kd5 Qd1+ 90. Ke6 Qe2+ 91. Re5 Qc4+ 92.
Kd6 Qf4 93. Ke6 Qc1 94. Rf5 Qc6+ 95. Ke7 Kg6 96. Rf8 Qc5+ 97. Ke8 Qb5+ 98. Ke7 Qb4+ 99. Ke8 Qa4+ 100. Ke7 Qa3+ 101. Ke8 Qxh3 102. Rg8+ Kf6 103. Rf8+ Ke6 104. Rf4 gxf4 0-1

[Event "Late-Titled-Tuesday-Blitz-January-30-2024"]
[Site "Chess.com"]
[Date "2024.01.30"]
[Round "2"]
[White "AradNazari"]
[Black "mishanick"]
[Result "1-0"]
[WhiteElo "2690"]
[BlackElo "3127"]
[TimeControl "180+1"]
[EndTime "14:20:14 PST"]
[Termination "AradNazari won on time"]

1. e4 c5 2. Nf3 e6 3. d4 cxd4 4. Nxd4 Nc6 5. Nc3 a6 6. Be3 Nf6 7. Nxc6 bxc6 8. Bd3 d5 9. Bd4 Be7 10. O-O Rb8 11. Be5 Bd6 12. Bxd6 Qxd6 13. Qe2 Qc7 14.
exd5 cxd5 15. Bxa6 Bxa6 16. Qxa6 Rxb2 17. Nb5 Qb8 18. Qc6+ Nd7 19. a4 Ke7 20. Qc3 Qe5 21.
Qa3+ Kd8 22. Rac1 g5 23. Rfe1 Qf6 24. Re3 g4 25. Rc3 d4 26. Rd3 Rxb5 27. axb5 e5 28. Rb1 Qb6 29. Qa8+ Nb8 30. Qd5+ Nd7 31. Ra3 Ke7 32. Ra6 Qc5 33. Qxc5+ Nxc5 34. Ra7+ Ke6 35. b6 Rb8 36. Rc7 Na6 37. Rc6+ Kd5 38. Rf6 Rb7 39. Rb5+ Nc5 40. Rb1 h5 41. Rf5 h4 42. Rg5 g3 43.
hxg3 Ne4 44. Rg7 hxg3 45. f3 Nc3 46. Rb3 Kc4 47. Kf1 Nd5 48. Ke2 Nf4+ 49. Kd2 Nxg2 50. Rxg3 Ne3 51. Rg7 Nd5 52. Rxf7 Rxf7 53. b7 Rxb7 54.
Rxb7 Nf4 55. Re7 Kd5 56. Ra7 Kd6 57. Ra5 Ke6 58. Ke1 Kf5 59. Kf2 Ne6 60. Ke2 Nf4+ 61. Kf2 Ng6 62. Ra8 Ne7 63. Rf8+ Ke6 64. Ke2 Ng6 65.
Re8+ Kd5 66. Rc8 Nf4+ 67. Kd2 Ne6 68. c4+ dxc3+ 69. Rxc3 Nd4 70. Ke3 Nf5+ 71. Kd3 Ke6 72. Rc6+ Kd5 73. Ra6 Nh4 74. Ra5+ Ke6 75. Ke4 Ng6 76.
Ra6+ Kf7 77. Rb6 Kg7 78. Kf5 Nh4+ 79. Kg4 Ng6 80. Kg5 Ne7 81. Re6 Kf7 82. Rxe5 Nc6 83. Rc5 Nd4 84. Kg4 Kf6 85. f4 Ke6 86. Ra5 Nb3 87.
Ra6+ Ke7 88. f5 Nc5 89. Rb6 Nd3 90. Kh5 Kf7 91. Kg5 Nc5 92. Rc6 Ne4+ 93. Kf4 Nf6 94.
Ra6 Nd5+ 95. Kg5 Kf8 96. f6 Kf7 97. Ra7+ Ke6 98. f7 1-0

[Event "Late-Titled-Tuesday-Blitz-January-30-2024"]
[Site "Chess.com"]
[Date "2024.01.30"]
[Round "2"]
[White "klimkoj"]
[Black "Perecke"]
[Result "1-0"]
[WhiteElo "2917"]
[BlackElo "2598"]
[TimeControl "180+1"]
[EndTime "14:20:53 PST"]
[Termination "klimkoj won by resignation"]

1. c4 e5 2. Nc3 Nf6 3. Nf3 Nc6 4. e3 Bb4 5. Qc2 Bxc3 6. Qxc3 Qe7 7. d4 exd4 8. Nxd4 d6 9. Bd3 O-O 10. O-O Ne4 11.
Nxc6 bxc6 12. Bxe4 Qxe4 13. b3 Qe5 14. Qxe5 dxe5 15.
e4 f6 16. Be3 Be6 17. Rfd1 a6 18. f3 Rfd8 19. Kf2 Kf7 20. g4 Ke8 21. Rxd8+ Rxd8 22. h4 a5 23. Rc1 a4 24. h5 axb3 25. axb3 h6 26. Ke2 Ra8 27. Kd3 Ra2 28. Bd2 Kd7 29.
Kc3 c5 30. Rd1 Kc6 31. Re1 Ra8 32. Rd1 Ra2 33. Rf1 Kd6 34. Rf2 Ra1 35. Re2 Rf1 36.
Re3 Kc6 37. Rd3 Bd7 38. Kc2 Be6 39. Ba5 Bd7 40. Kd2 Rf2+ 41. Ke1 Ra2 42. Bd2 Rb2 43. Kd1 Ra2 44. Kc1 Ra1+ 45. Kc2 Rf1 46. Bc1 Rf2+ 47.
Kd1 Rf1+ 48. Kd2 Be6 49. Rc3 Bd7 50. Ke2 Rh1 51. Be3 Rb1 52. Rd3 Be6 53. Kf2 Rb2+ 54. Ke1 Ra2 55. Kd1 Ra1+ 56. Bc1 Ra2 57. Rd2 Rxd2+ 58.
Kxd2 Bd7 59. Kc3 Be6 60. Be3 Bd7 61. Kb2 Bc8 62. Ka3 Bb7 63. Ka4 Bc8 64. Ka3 Bb7 65.
Kb2 Bc8 66. Kc2 Bd7 67. Kd2 Bc8 68. Ke2 Bd7 69. Bd2 Bc8 70. b4 cxb4 71. Bxb4 Ba6 72. Kd3 Kd7 73. Bf8 Ke6 74. Bxg7 Kf7 75. Bxh6 Kg8 76. Be3 Kg7 77. f4 exf4 78. Bxf4 c6 79.
Kd4 Kh7 80. g5 fxg5 81. Bxg5 Kg7 82. h6+ Kg6 83. Bd2 Kh7 84. c5 Kg6 85. Ke5 Bd3 86. Bf4 Bc2 87. Kd4 Bb1 88. Be3 Ba2 89. e5 Be6 90. Kc3 Bd5 91. Kb4 Bg8 92. Ka5 Kf5 93. Kb6 Kxe5 94. Kxc6 Kf5 95. Kb6 Kg6 96. c6 Be6 97. c7 Bc8 98. Kc6 Kf7 99. Kd6 Bf5 100. Bd4 Kg6 101. Be3 Kf7 102. Kc6 Ke7 103. Bf4 Kf7 104. Kb6 Bc8 105. Ka7 Kg6 106. Kb8 Be6 107. Bc1 Bd7 108.
c8=Q Bxc8 109. Kxc8 Kh7 110. Kd7 Kg8 111. Ke6 Kh7 112. Kf5 Kh8 113. Kg6 Kg8 114. h7+ 1-0

[Event "Late-Titled-Tuesday-Blitz-January-30-2024"]
[Site "Chess.com"]
[Date "2024.01.30"]
[Round "2"]
[White "Msb2"]
[Black "SnekkerAndersen"]
[Result "1/2-1/2"]
[WhiteElo "2996"]
[BlackElo "2627"]
[TimeControl "180+1"]
[EndTime "14:21:05 PST"]
[Termination "Game drawn by repetition"]

1. d4 d5 2. c4 e6 3. Nc3 Nf6 4. cxd5 exd5 5. Bg5 Be7 6. e3 c6 7. Bd3 Nbd7 8. h3 h6 9. Bf4 O-O 10. Nf3 Ne8 11. Qc2 Bd6 12. Ne5 Qe7 13. Nxd7 Bxd7 14. O-O-O Bxf4 15. exf4 Qf6 16. Qd2 Bf5 17. Bxf5 Qxf5 18. g4 Qd7 19. f5 Nd6 20. f6 Nc4 21. Qf4 Qd6 22. Qxd6 Nxd6 23. fxg7 Kxg7 24. Ne2 f5 25. f4 Rae8 26. Ng3 fxg4 27. hxg4 Re3 28. Rh3 Rfe8 29. Rdh1 Re1+ 30. Rxe1 Rxe1+ 31. Kd2 Rg1 32.
Kd3 Rg2 33. g5 hxg5 34. fxg5 Kg6 35. Ne2 Kxg5 36. Rh7 Kf6 37. Rd7 Ke6 38. Rh7 Kf6 39. b3 Rg7 40. Rh8 Ke6 41. Nf4+ Kd7 42.
Ne2 Re7 43. a4 Kc7 44. Rh6 a5 45. Rh5 Ne4 46. Rh8 Rf7 47. Ke3 Kb6 48. Nf4 Re7 49. Ng6 Rg7 50. Rh6 Nd6 51. Nh4 Rg4 52. Rxd6 Rxh4 53. Kd3 Rh3+ 54. Kc2 Rh7 55. Rg6 Kc7 56. Rg8 Rd7 57. Ra8 Kb6 58. Rh8 Rc7 59. Kc3 Re7 60. Rh3 Rf7 61. Rg3 Rh7 62. Rf3 Rh1 63. Rf8 Rc1+ 64. Kd2 Rb1 65. Kc2 Rh1 66. Rf4 Ka6 67. Rg4 b5 68. Rg6 Kb6 69. Rg8 Rh3 70.
axb5 Kxb5 71. Rb8+ Ka6 72. Ra8+ Kb6 73. Rb8+ Ka7 74.
Rg8 Kb7 75. Rg6 Kb6 76. Rg8 Rh1 77. Rb8+ Ka7 78. Rf8 Rh4 79. Kc3 Rh3+ 80. Kc2 Rh2+ 81. Kc3 Ra2 82. Rf7+ Kb6 83. Rf8 Ra1 84. Kc2 Rh1 85.
Rb8+ Kc7 86. Rg8 Rh7 87. Kc3 Rf7 88. Kc2 Kb7 89. Kc3 Rf3+ 90. Kc2 Rf7 91. Rh8 Kb6 92. Rb8+ Ka7 93. Rc8 Kb7 94. Rh8 Rg7 95. Kc3 Re7 96. Rg8 Re3+ 97. Kc2 Re7 98. Rg3 Kb6 99. Rh3 c5 100. Rh6+ Kb5 101. Rd6 Re4 102. Rxd5 Rxd4 103. Rh5 Rg4 104. Rh8 Rg2+ 105. Kc3 Rg3+ 106. Kb2 Rg6 107. Rb8+ Rb6 108. Rf8 Kb4 109. Rf4+ Kb5 110. Ka3 Rh6 111. Rf8 Rb6 112. Re8 Rc6 113. Rb8+ Rb6 114. Rh8 Rc6 115. Rh7 Rd6 116. Rg7 Rd3 117. Kb2 Rd4 118. Rb7+ Kc6 119. Rb8 a4 120. bxa4 Rxa4 121. Kc3 Ra3+ 122. Kc4 Ra4+ 123. Kc3 Rh4 124. Rg8 Rh3+ 125. Kc4 Rh4+ 126. Kb3 Kd5 127. Rd8+ Kc6 128. Kc3 Rh3+ 129. Kc4 Rh4+ 130. Kb3 Kb6 131. Rb8+ Kc6 132. Rf8 Rh7 133. Kc4 Rh4+ 134. Kc3 Rh3+ 135. Kc4 Rh4+ 136. Kd3 Rh3+ 137. Kc4 Rh4+ 1/2-1/2

[Event "Late-Titled-Tuesday-Blitz-January-30-2024"]
[Site "Chess.com"]
[Date "2024.01.30"]
[Round "3"]
[White "alexgo05"]
[Black "ahkashefi2800"]
[Result "0-1"]
[WhiteElo "2358"]
[BlackElo "2578"]
[TimeControl "180+1"]
[EndTime "14:23:14 PST"]
[Termination "ahkashefi2800 won by resignation"]

1. c4 c6 2. b3 d5 3. Bb2 d4 4. Nf3 c5 5. e3 Nc6 6. exd4 cxd4 7. d3 g6 8. g3 Bg7 9. Bg2 Nf6 10. Na3 O-O 11.
O-O e5 12. Re1 Re8 13. Nc2 Bf5 14. b4 Nd7 15. Ng5 Qxg5 0-1

[Event "Late-Titled-Tuesday-Blitz-January-30-2024"]
[Site "Chess.com"]
[Date "2024.01.30"]
[Round "3"]
[White "Brahianzevich"]
[Black "Horokoskii"]
[Result "1-0"]
[WhiteElo "2389"]
[BlackElo "2153"]
[TimeControl "180+1"]
[EndTime "14:23:33 PST"]
[Termination "Brahianzevich won by resignation"]

1. e4 e6 2. d4 d5 3. Nc3 Nf6 4. e5 Nfd7 5. Nce2 c5 6. c3 Nc6 7. a3 c4 8. Nf3 Na5 9. Nf4 Nb3 10. Rb1 a5 11. h4 a4 12. Ng5 Be7 13. Ngxe6 Qb6 14. Nxg7+ Kf8 15. Nf5 Rg8 16. Nxe7 1-0

[Event "Late-Titled-Tuesday-Blitz-January-30-2024"]
[Site "Chess.com"]
[Date "2024.01.30"]
[Round "3"]
[White "Sacbutt"]
[Black "Fh2411"]
[Result "0-1"]
[WhiteElo "2364"]
[BlackElo "2575"]
[TimeControl "180+1"]
[EndTime "14:23:55 PST"]
[Termination "Fh2411 won by resignation"]

1. e4 c6 2. d4 d5 3. Nc3 dxe4 4. Nxe4 Nf6 5. Nxf6+ exf6 6. Nf3 Bd6 7. Be2 O-O 8. O-O Re8 9. Be3 Nd7 10. h3 Nf8 11. Qd2 Ng6 12. Rad1 Be6 13. a3 Qd7 14. Rfe1 Bxh3 15.
gxh3 Qxh3 16. d5 Nh4 0-1

[Event "Late-Titled-Tuesday-Blitz-January-30-2024"]
[Site "Chess.com"]
[Date "2024.01.30"]
[Round "3"]
[White "Sandpacer"]
[Black "reevecanada"]
[Result "1-0"]
[WhiteElo "2476"]
[BlackElo "2605"]
[TimeControl "180+1"]
[EndTime "14:23:57 PST"]
[Termination "Sandpacer won by resignation"]

1. e4 c5 2. Nf3 d6 3. d4 cxd4 4. Nxd4 Nf6 5. Nc3 a6 6. Be2 e5 7. Nb3 Be6 8. O-O Be7 9. a4 Nbd7 10. f4 Rc8 11. f5 Bc4 12. a5 Qc7 13. Be3 Bxe2 14. Qxe2 Qc4 15. Qf3 Nc5 16. Nxc5 Rxc5 17. Ra4 Qxa4 18. Nxa4 Rxa5 19. b3 Bd8 20. Bd2 Rb5 21.
c4 Ra5 22. Bxa5 Bxa5 23. Rd1 Ke7 24. c5 dxc5 25. Nxc5 Bb6 26. b4 a5 27. Qc3 1-0

[Event "Late-Titled-Tuesday-Blitz-January-30-2024"]
[Site "Chess.com"]
[Date "2024.01.30"]
[Round "3"]
[White "Alexei_Gubajdullin"]
[Black "GiorgianBarbosa"]
[Result "1-0"]
[WhiteElo "2619"]
[BlackElo "2458"]
[TimeControl "180+1"]
[EndTime "14:24:11 PST"]
[Termination "Alexei_Gubajdullin won by resignation"]

1. Nf3 Nf6 2. g3 e6 3. Bg2 d5 4. O-O Be7 5. b3 O-O 6. Bb2 a5 7. Nc3 c5 8. e3 Nc6 9. a4 b6 10. Nb5 Ba6 11. d3 Na7 12. Nxa7 Rxa7 13. Ne5 Bb7 14.
f4 Nd7 15. Nxd7 Qxd7 16. Qg4 g6 17. Qh3 Qd8 18. e4 Bf6 19. Bxf6 Qxf6 20. e5 Qe7 21. c3 Rc8 22. Bf3 d4 23. Bxb7 Rxb7 24. c4 h5 25. Rae1 Kf8 26. Qg2 Ke8 27. h3 Kd7 28. Qxb7+ 1-0

[Event "Late-Titled-Tuesday-Blitz-January-30-2024"]
[Site "Chess.com"]
[Date "2024.01.30"]
[Round "3"]
[White "Hirna2005"]
[Black "JackRodgers"]
[Result "1-0"]
[WhiteElo "2282"]
[BlackElo "2474"]
[TimeControl "180+1"]
[EndTime "14:24:50 PST"]
[Termination "Hirna2005 won by resignation"]

1. e4 c5 2. c3 g6 3. d4 cxd4 4. cxd4 d5 5. Nc3 dxe4 6. Bc4 Bg7 7. Qb3 e6 8. d5 exd5 9. Bxd5 Qe7 10. Be3 Nc6 11.
Nxe4 Qb4+ 12. Qxb4 Nxb4 13. Bb3 Bxb2 14. Rb1 Be5 15.
Nf3 Bf5 16. Nxe5 Bxe4 17. Bxf7+ Ke7 18. Rxb4 Bxg2 19. Rg1 Bc6 20. Nxc6+ bxc6 21. Rb7+ Kd6 22. Bd4 1-0

[Event "Late-Titled-Tuesday-Blitz-January-30-2024"]
[Site "Chess.com"]
[Date "2024.01.30"]
[Round "3"]
[White "crazy_but_lazy"]
[Black "Msb2"]
[Result "0-1"]
[WhiteElo "2625"]
[BlackElo "2998"]
[TimeControl "180+1"]
[EndTime "14:25:08 PST"]
[Termination "Msb2 won by resignation"]

1. d4 d5 2. Nf3 e6 3. Bf4 c5 4. e3 Nc6 5. Nbd2 Bd6 6. dxc5 Bxf4 7. exf4 Qf6 8. c3 Qxf4 9. Bd3 Nf6 10. O-O O-O 11.
Re1 Qc7 12. Qe2 Re8 13. Ne5 Nxe5 14. Qxe5 Qxe5 15. Rxe5 Nd7 16. Rh5 g6 17. Rh4 Nxc5 18. Bc2 Bd7 19. Re1 Bc6 20. Nf3 Kg7 21. Ne5 Nd7 22. Nd3 a5 23. Rf4 e5 24. Rh4 Rad8 25. Rh3 f6 26. Rhe3 Nb6 27. b3 d4 28. cxd4 Rxd4 29.
Nc5 Nd7 30. Nxd7 Rxd7 31. Rc3 Rd2 32. a3 Red8 33. b4 axb4 34. axb4 R8d4 35. Rb1 Be4 0-1

[Event "Late-Titled-Tuesday-Blitz-January-30-2024"]
[Site "Chess.com"]
[Date "2024.01.30"]
[Round "3"]
[White "nikitadovbnya2008"]
[Black "ilushka"]
[Result "1-0"]
[WhiteElo "2128"]
[BlackElo "2354"]
[TimeControl "180+1"]
[EndTime "14:25:11 PST"]
[Termination "nikitadovbnya2008 won by checkmate"]

1. d4 e6 2. c4 b6 3. Nc3 Bb7 4. e4 Bb4 5. Qc2 Qh4 6. d5 f5 7. Be3 fxe4 8. O-O-O Nf6 9. Nb5 Na6 10. dxe6 dxe6 11.
Nxc7+ Nxc7 12. Qa4+ Kf7 13. Qxb4 Rhd8 14. Be2 Rxd1+ 15.
Bxd1 Rc8 16. Qa3 Ncd5 17. g3 Nxe3 18. gxh4 Nxc4 19. Qxa7 Rc7 20. Bc2 e3 21. Nh3 Nd5 22.
Qb8 exf2 23. Qd8 Nce3 24. Ng5# 1-0